 Dungeon Crawl Stone Soup version 0.28.0 (webtiles) character file.

Game seed: 18329355881139482587

1619 Strat the Grappler (level 8, -6/75 HPs)
             Began as a Troll Fighter on Feb 10, 2022.
             Mangled by an orc warrior (21 damage)
             ... on level 7 of the Dungeon.
             The game lasted 00:11:41 (2665 turns).

Strat the Grappler (Troll Fighter)                  Turns: 2665, Time: 00:11:42

Health: -6/75      AC:  5    Str: 27    XL:     8   Next: 64%
Magic:  7/7        EV:  8    Int:  4    God:
Gold:   1003       SH:  8    Dex:  9    Spells: 7/7 levels left

rFire   + . .      SeeInvis .     - Unarmed
rCold   . . .      Faith    .   b - +0 kite shield
rNeg    . . .      Spirit   .   a - +0 robe
rPois   .          Reflect  .   d - +1 hat {Stlth+}
rElec   .          Harm     .   (no cloak)
rCorr   .          Rampage  .   (gloves unavailable)
Will    +....                   (boots unavailable)
Stlth   ++........              (no amulet)
HPRegen 1.02/turn               s - ring "Diemun" {rF+ Will+}
MPRegen 0.10/turn               y - ring of flight

@: mighty, flying
A: large, unfitting armour, claws 3, regeneration 1, shaggy fur 1, tough skin 1
a: no special abilities


You were on level 7 of the Dungeon.
You visited 2 branches of the dungeon, and saw 8 of its levels.
You also visited: Ossuary.

You collected 1133 gold pieces.
You spent 130 gold pieces at shops.

Inventory:

Missiles
 e - 2 poisoned darts
 f - 154 stones (quivered)
 k - 6 javelins
 o - 2 throwing nets
 t - 4 large rocks
Armour
 a - a +0 robe (worn)
 b - a +0 kite shield (worn)
 d - a +1 hat of stealth (worn)
Jewellery
 h - an amulet of magic regeneration
 s - the ring "Diemun" (left claw) {rF+ Will+}
   (You bought it in a shop on level 5 of the Dungeon)

   [ring of protection from fire]

   rF:        It protects you from fire.
   Will:      It increases your willpower.
 y - a ring of flight (right claw)
Wands
 u - a wand of acid (5)
Scrolls
 n - 2 scrolls of teleportation
 p - 2 scrolls of fog
 v - a scroll of summoning
Potions
 c - 2 potions of might
 g - 2 potions of attraction
 i - 4 potions of curing
 j - a potion of flight
 l - 5 potions of mutation
 m - 3 potions of heal wounds {unknown}
 q - a potion of haste
 r - 3 potions of resistance {unknown}
 w - 2 potions of cancellation {unknown}
 x - a potion of invisibility


   Skills:
 + Level 3.4 Fighting
 - Level 2.4 Dodging
 - Level 6.0 Shields
 + Level 8.5 Unarmed Combat


You had 7 spell levels left.
You didn't know any spells.
Your spell library contained the following spells:

 Spells                   Type           Power      Damage    Failure   Level
 Sting                    Tmut/Pois      0%         1d3       77%         1
 Poisonous Vapours        Pois/Air       0%         N/A       88%         2
 Olgreb's Toxic Radiance  Pois           0%         N/A       100%        4


Dungeon Overview and Level Annotations

Branches:
Dungeon (7/15)             Temple (1/1) D:6         Ossuary (visited)

Altars:
Ashenzari
Dithmenos
Elyvilon
Fedhas
Gozag
Kikubaaqudgha
Makhleb
Nemelex Xobeh
Okawaru
Qazlal
Ru
Sif Muna
Trog
Uskayaw
Wu Jian
The Shining One

Shops:
D:5 *

Annotations:
D:5 Sigmund


Innate Abilities, Weirdness & Mutations

You are too large for most types of armour.
You have claws for hands.
Your natural rate of healing is unusually fast.
You are covered in fur. (AC +1)
You have tough skin. (AC +1)


Message History

You block the orc warrior's attack. You block the orc warrior's attack.
You scratch the orc warrior but do no damage.
The orc warrior is moderately wounded.
The orc warrior hits you with a +0 halberd!
You block the orc priest's attack.
You closely miss the orc warrior.
The orc warrior is moderately wounded.
You block the orc warrior's attack.
The orc priest mumbles some strange prayers to Beogh against you.
Beogh smites you!
You closely miss the orc warrior.
The orc warrior is moderately wounded.
You block the orc warrior's attack.
The orc priest hits you with a +2 short sword of holy wrath.
You mangle the orc warrior!!
The orc warrior is almost dead.
The orc warrior hits you with a +0 halberd!
* * * LOW HITPOINT WARNING * * *
The orc priest hits you with a +2 short sword of holy wrath.
* * * LOW HITPOINT WARNING * * *
You barely miss the orc warrior.
The orc warrior is almost dead.
The orc warrior hits you with a +0 halberd!
* * * LOW HITPOINT WARNING * * *
The orc priest mumbles some strange prayers to Beogh against you.
Pain shoots through your body!
* * * LOW HITPOINT WARNING * * *
You feel very mighty all of a sudden.
The orc warrior suddenly jeers, as Orcs often do.
The orc warrior hits you with a +0 halberd!
* * * LOW HITPOINT WARNING * * *
You block the orc priest's attack.
You feel better.
The orc warrior hits you with a +0 halberd!
* * * LOW HITPOINT WARNING * * *
The orc priest completely misses you.
You feel better.
The orc warrior hits you with a +0 halberd!!
You die...

. ..### .....#########
.............#####
##...............
######....###.#.#
##.#.@.<...#
######..#oo.#####
#........o#.######
..####.####.##?..# ##.#
#......# .. #..#
####...# ... #.## #...#
#.#####o# #...###
##....#oo########.....#


You could see an orc warrior (corroded), an orc priest and an orc.

Vanquished Creatures
  A steam dragon (D:5)
  Menkaure (D:6)
  A water moccasin (D:7)
  A sky beast (D:6)
  A necrophage (D:6)
  2 centaurs
  A phantom (D:5)
  A scorpion (D:4)
  A bullfrog (D:7)
  2 water moccasin zombies (Ossuary)
  A wyvern skeleton (D:6)
  A howler monkey (D:4)
  4 hounds
  An orc priest (D:5)
  A bullfrog skeleton (D:5)
  2 iguanas
  3 orc wizards
  A scorpion zombie (D:5)
  2 mummies (Ossuary)
  A hound skeleton (D:5)
  A howler monkey zombie (D:7)
  4 adders
  4 gnolls
  2 adder zombies (Ossuary)
  A worm (D:4)
  2 dart slugs
  9 orcs
  A ball python (D:4)
  4 endoplasms
  5 giant cockroaches
  3 gnoll zombies (Ossuary)
  4 goblins
  4 hobgoblins
  4 kobolds
  3 quokkas
  4 bats
  2 frilled lizards (D:3)
  6 hobgoblin zombies (Ossuary)
  5 kobold zombies (Ossuary)
  2 orc zombies (Ossuary)
  2 rats (D:1)
101 creatures vanquished.

Vanquished Creatures (collateral kills)
  A kobold (D:4)
1 creature vanquished.

Vanquished Creatures (others)
  An orc (D:5)
1 creature vanquished.

Grand Total: 103 creatures vanquished

Notes
Turn   | Place    | Note
-------+----------+-------------------------------------------
     0 | D:1      | Strat the Troll Fighter began the quest for the Orb.
     0 | D:1      | Reached XP level 1. HP: 22/22 MP: 0/0
   264 | D:1      | Reached XP level 2. HP: 25/29 MP: 1/1
   357 | D:2      | Found a faded altar of an unknown god.
   551 | D:2      | Reached skill level 3 in Unarmed Combat
   591 | D:2      | Reached XP level 3. HP: 27/36 MP: 2/2
   875 | D:3      | Reached XP level 4. HP: 44/44 MP: 3/3
   884 | D:3      | Found a bloodstained altar of Trog.
   962 | D:4      | Reached skill level 4 in Unarmed Combat
   967 | D:4      | Identified 2 scrolls of acquirement
   967 | D:4      | Acquired a +1 hat of stealth
   974 | D:4      | Acquired 904 gold pieces
  1121 | D:4      | Reached XP level 5. HP: 48/50 MP: 4/4
  1394 | D:4      | Reached skill level 5 in Unarmed Combat
  1469 | D:5      | Entered Level 5 of the Dungeon
  1489 | D:5      | Reached XP level 6. HP: 56/59 MP: 5/5
  1616 | D:5      | Found Fiudul's Assorted Antiques.
  1626 | D:5      | Bought a fine lapis lazuli ring for 130 gold pieces
  1626 | D:5      | Identified the ring "Diemun" {rF+ Will+} (You bought it in
                  | a shop on level 5 of the Dungeon)
  1653 | D:5      | Noticed a steam dragon
  1684 | D:5      | Noticed Sigmund
  1904 | D:5      | Reached skill level 6 in Unarmed Combat
  1925 | D:5      | Reached XP level 7. HP: 60/66 MP: 6/6
  1956 | D:5      | Killed a steam dragon
  2017 | D:5      | Reached skill level 7 in Unarmed Combat
  2062 | D:6      | Found a staircase to the Ecumenical Temple.
  2108 | Temple   | Entered the Ecumenical Temple
  2160 | D:6      | Found a sand-covered staircase.
  2166 | Ossuary  | Entered an ossuary
  2220 | Ossuary  | Reached skill level 5 in Shields
  2241 | Ossuary  | Reached XP level 8. HP: 60/74 MP: 7/7
  2279 | Ossuary  | Reached skill level 8 in Unarmed Combat
  2423 | D:6      | Noticed Menkaure
  2430 | D:6      | Killed Menkaure
  2501 | D:6      | Found a shadowy altar of Dithmenos.
  2665 | D:7      | Mangled by an orc warrior

Illustrated notes

Levels and vault maps discovered:
D:1:      kennysheep_arrival_forest, layout_loops_ring, serial_shops,
          shop_statue, dk_noncrumbling_3
D:2:      layout_loops_ring, hellmonk_ecumenical_altar_lost_god,
          grunt_decor_fettered, corexii_corridor_pit, minmay_curled_crystal
D:3:      layout_loops_cross, old_standard_altar
D:4:      layout_loops_corners, palyth_stone_intersect
D:5:      layout_cave_pools, serial_shops, nicolae_shop_advertising_works
          [nicolae_subvault_shop_adworks], uniq_sigmund
D:6:      layout_rooms, lemuel_coloured_pillars_altar,
          minmay_temple_entry_wispy, nicolae_ossuary_entry_plus, uniq_menkaure
D:7:      minmay_angry_zag, layout_rooms, hangedman_decor_growths,
          uniq_crazy_yiuf_cottage, uniq_duvessa, uniq_harold
Temple:   eino_temple_lava

Skill      XL: |  1  2  3  4  5  6  7  8 |
---------------+-------------------------+-----
Unarmed Combat | 3 4 5 6 7 8 |  8.5
Shields        | 3 4 5 6 |  6.0
Fighting       | 3 |  3.4
Dodging        | |  2.4

Action                   |  1- 3 |  4- 6 |  7- 9 || total
-------------------------+-------+-------+-------++-------
Melee: Unarmed           |    80 |   109 |   144 ||   333
Evoke: Wand              |       |       |     2 ||     2
  Use: Scroll            |       |    13 |     4 ||    17
       Potion            |       |       |     3 ||     3
 Stab: Sleeping          |       |       |     5 ||     5
Armor: Robe              |    26 |    25 |    27 ||    78
Dodge: Dodged            |    22 |    33 |    35 ||    90
Block: Kite shield       |    30 |    43 |    37 ||   110
